 Dungeon Crawl Stone Soup version 0.26.1-11-gd32895ea62 (webtiles) character file.

Game seed: 13731840045860574795

35 Sopht the Caller (level 3, 0/19 HPs)
             Began as a Tengu Summoner on July 19, 2021.
             Slain by a hobgoblin
             ... wielding a +0 spear
              (2 damage)
             ... on level 2 of the Dungeon.
             The game lasted 00:11:14 (1629 turns).

Sopht the Caller (Tengu Summoner)                   Turns: 1629, Time: 00:11:15

Health: 0/19       AC:  2    Str:  9    XL:     3   Next: 33%
Magic:  7/7        EV: 15    Int: 15    God:
Gold:   112        SH:  0    Dex: 14    Spells: 3/6 levels left

rFire    . . .     SeeInvis .   c - +1 dagger
rCold    . . .     Faith    .   (no shield)
rNeg     . . .     Spirit   .   d - +0 robe
rPois    .         Reflect  .   (helmet restricted)
rElec    .         Harm     .   (no cloak)
rCorr    .         Rampage  .   (no gloves)
Will     .....                  (boots unavailable)
Stlth    ++........             (no amulet)
HPRegen  0.06/turn              (no ring)
MPRegen  0.10/turn              (no ring)

@: flying quickly and evasively, quick
A: beak, talons 3
a: no special abilities


You were on level 2 of the Dungeon.
You visited 1 branch of the dungeon, and saw 2 of its levels.

You collected 112 gold pieces.

Inventory:

Hand Weapons
 c - a +1 dagger (weapon)
Armour
 d - a +0 robe (worn)
 g - a +1 chain mail
Scrolls
 b - a scroll of immolation
 f - a scroll of remove curse
 h - a scroll of enchant armour
Potions
 a - a potion of brilliance


   Skills:
 + Level 0.4 Armour
 + Level 2.3 Dodging
 + Level 2.0 Stealth
 + Level 0.6 Unarmed Combat
 + Level 2.4 Spellcasting
 + Level 5.5 Summonings


You had 3 spell levels left.
You knew the following spells:

 Your Spells              Type           Power        Failure   Level
a - Summon Small Mammal   Summ           72%          2%          1
b - Call Imp              Summ           18%          3%          2

Your spell library contained the following spells:

 Spells                   Type           Power        Failure   Level
 Call Canine Familiar     Summ           18%          7%          3
 Summon Guardian Golem    Hex/Summ       10%          21%         3
 Summon Ice Beast         Ice/Summ       10%          56%         4
 Summon Lightning Spire   Summ/Air       10%          56%         4


Dungeon Overview and Level Annotations

Branches:
Dungeon (2/15)

Altars:


Innate Abilities, Weirdness & Mutations

You have a beak for a mouth.
You have claws for feet.


Message History

Found a club.
Found an escape hatch in the floor.
A hobgoblin comes into view. It is wielding a +0 spear.
The hobgoblin moves out of view.
Press: ? - help, v - describe, . - travel, g - get item Item here: a scroll of identify.
The floor.
Unknown command.
The hobgoblin hits you from afar with a +0 spear.
Found a sapphire potion.
The hobgoblin closely misses you.
The hobgoblin hits you from afar with a +0 spear.
The hobgoblin hits you from afar with a +0 spear!
* * * LOW HITPOINT WARNING * * *
The hobgoblin hits you from afar with a +0 spear.
* * * LOW HITPOINT WARNING * * *
The hobgoblin misses you.
It was a potion of flight.
You feel very buoyant.
You swoop lightly up into the air.
The hobgoblin hits you with a +0 spear.
You die...

⌠#..#.##.......# *,*
*,,** ##..#.##########
*,*** *,,*≈
...##..,,,..* **,,,*#
*,,+, ##.########.##*
*,,*,.# **,*≈ #.#
#.....* *,#*#.# *,** #.#
#.!...*####.,#..# *,,*
##.## #.....*#...,,..#*
**,, #...#
#.....##g####..# **,
#.#.#####.......@....).#
**
.......#*###.........>.#
* .##.##.# #..#####..#.#
.*#.##.# #..#[K?#..#.#
.##....### #..#$?!#....#
.#..†....# #..#?((#..###
.#.##..#.###..#####..#
.....................#
##.#####.##.........)#


You could see a hobgoblin and a kobold.

Vanquished Creatures
  An adder (D:2)
  2 dart slugs (D:1)
  A leopard gecko (D:2)
  A giant cockroach (D:1)
  2 goblins
  A hobgoblin (D:1)
  A jackal (D:1)
  A bat (D:1)
  2 frilled lizards (D:1)
  3 kobolds (D:1)
  A rat (D:2)
16 creatures vanquished.

Vanquished Creatures (collateral kills)
  A dart slug (D:1)
  A leopard gecko (D:1)
  A goblin (D:2)
  2 jackals (D:1)
  A bat (D:1)
  A frilled lizard (D:1)
  2 rats (D:1)
9 creatures vanquished.

Grand Total: 25 creatures vanquished

Notes
Turn   | Place    | Note
-------+----------+-------------------------------------------
     0 | D:1      | Sopht the Tengu Summoner began the quest for the Orb.
     0 | D:1      | Reached XP level 1. HP: 10/10 MP: 4/4
   166 | D:1      | Reached skill level 5 in Summonings
   337 | D:1      | Reached XP level 2. HP: 15/15 MP: 1/6
  1175 | D:1      | Learned a level 2 spell: Call Imp
  1384 | D:2      | Reached XP level 3. HP: 17/19 MP: 7/7
  1629 | D:2      | Slain by a hobgoblin

Illustrated notes

Levels and vault maps discovered:
D:1:      dpeg_arrival_three_same_balls, layout_basic
D:2:      layout_loops_cross, gammafunk_temple_overflow_claw,
          chequers_ecumenical_altar_island, serial_glass, glass_columns_c,
          glass_columns_b, feat_on_display, minmay_strange_pillars,
          due_unseen_surprise

Skill      XL: |  1 |
---------------+----+-----
Summonings     | 5 |  5.5
Armour         | |  0.4
Dodging        | |  2.3
Stealth        | |  2.0
Unarmed Combat | |  0.6
Spellcasting   | |  2.4

Action                   || total
-------------------------++-------
Melee: Unarmed           ||    67
       Kick              ||    18
       Peck              ||     8
       Dagger            ||     9
 Cast: Summon Small Mamm ||    24
  Use: Scroll            ||     8
       Potion            ||     1
 Stab: Distracted        ||     1
Armor: Robe              ||    12
       Chain mail        ||    22
Dodge: Dodged            ||    55
